 Dungeon Crawl Stone Soup version 0.28.0-53-g5a82cb258f (webtiles) character file.

Game seed: 16575060155721984230

1876 Descartes the Grasshopper (level 9, -2/68 HPs)
             Began as a Formicid Fighter on July 28, 2022.
             Was an Initiate of Gozag.
             Slain by Joseph
             ... wielding a +0 quarterstaff
              (9 damage)
             ... on level 7 of the Dungeon.
             The game lasted 00:10:51 (7878 turns).

Descartes the Grasshopper (Formicid Fighter)        Turns: 7878, Time: 00:10:52

Health: -2/68      AC: 17    Str: 22    XL:     9   Next: 36%
Magic:  9/9        EV:  7    Int: 11    God:    Gozag
Gold:   504        SH:  5    Dex: 10    Spells: 8/8 levels left

rFire   + . .      SeeInvis +   C - +2 whip (flame)
rCold   . . .      Faith    .   c - +0 buckler
rNeg    . . .      Spirit   .   A - +5 chain mail "Fiukam" {*Corrode rF+ Slay+4 SInv}
rPois   .          Reflect  .   (helmet unavailable)
rElec   .          Harm     .   E - +0 cloak
rCorr   .          Rampage  .   m - +0 pair of gloves
Will    .....                   (no boots)
Stlth   ..........              (no amulet)
HPRegen 0.21/turn               (no ring)
MPRegen 0.11/turn               (no ring)

@: gold aura
A: permanent stasis, dig shafts and tunnels, antennae 3, four strong arms
a: Dig, Shaft Self, Renounce Religion, Potion Petition, Call Merchant, Bribe
Branch


You were on level 7 of the Dungeon.
You worshipped Gozag.
Gozag was pleased with you.
You visited 2 branches of the dungeon, and saw 8 of its levels.

You collected 570 gold pieces.
You paid 66 gold pieces to Gozag.

Inventory:

Hand Weapons
 a - a +0 war axe
 y - a +0 hunting sling
 C - a +2 whip of flaming (weapon)
 D - a +2 quarterstaff of chaos
 F - a +2 whip of freezing
Missiles
 b - 13 boomerangs
 k - 181 stones
 p - 9 poisoned darts
 v - 50 arrows
 w - a throwing net
 L - 6 bolts
Armour
 c - a +0 buckler (worn)
 l - a +0 plate armour
 m - a +0 pair of gloves (worn)
 A - the +5 chain mail "Fiukam" (worn) {*Corrode rF+ Slay+4 SInv}
   (You found it on level 5 of the Dungeon)

   Slay:      It affects your accuracy & damage with ranged weapons and melee
   (+4).
   rF:        It protects you from fire.
   SInv:      It lets you see invisible.
   *Corrode:  It may corrode you when you take damage.
 E - a +0 cloak (worn)
Magical Staves
 j - a staff of fire
Jewellery
 q - a +4 ring of protection
 r - a ring of protection from cold
Wands
 H - a wand of iceblast (16)
Scrolls
 f - 7 scrolls of identify {unknown}
 h - 2 scrolls of teleportation {unknown}
 i - a scroll of holy word {unknown}
 o - a scroll of acquirement {unknown}
 t - 2 scrolls of noise {unknown}
 x - a scroll of immolation {unknown}
 B - 3 scrolls of magic mapping {unknown}
 I - a scroll of enchant armour {unknown}
 K - a scroll of fog {unknown}
Potions
 d - 2 potions of might
 e - a potion of mutation {unknown}
 g - 3 potions of haste {unknown}
 n - 3 potions of heal wounds {unknown}
 s - a potion of ambrosia {unknown}
 u - a potion of berserk rage {unknown}
 z - a potion of degeneration {unknown}
 G - a potion of resistance {unknown}
 J - a potion of attraction {unknown}


   Skills:
 - Level 5.0 Fighting
 - Level 5.0(5.5) Axes
 + Level 3.3(4.7) Maces & Flails
 - Level 5.0 Armour
 - Level 5.0 Shields
 + Level 7.4 Translocations


You had 8 spell levels left.
You didn't know any spells.
Your spell library contained the following spells:

 Spells                   Type           Power      Damage    Failure   Level
 Ensorcelled Hibernation  Hex/Ice        0%         N/A       99%         2
 Spider Form              Tmut/Pois      0%         N/A       100%        3
 Anguish                  Hex/Necr       0%         N/A       100%        4
 Fireball                 Conj/Fire      0%         3d3       100%        5
 Iskenderun's Battlesphe  Conj           0%         2d6       100%        5
 Conjure Ball Lightning   Conj/Air       0%         3x3d6     100%        6
 Orb of Destruction       Conj           0%         9d5       100%        7


Dungeon Overview and Level Annotations

Branches:
Dungeon (7/15)             Temple (1/1) D:5

Altars:
Ashenzari
Cheibriados
Dithmenos
Elyvilon
Fedhas
Gozag
Hepliaklqana
Kikubaaqudgha
Makhleb
Nemelex Xobeh
Okawaru
Qazlal
Ru
Sif Muna
Trog
Uskayaw
Vehumet
Wu Jian
Xom
Yredelemnul
Zin
The Shining One

Annotations:
D:7 2 transporters, Joseph; mmigdal's ghost, novice HuFi


Innate Abilities, Weirdness & Mutations

You cannot be hasted, slowed, berserked, paralysed or teleported.
You can dig through walls and to a lower floor.
You have a pair of large antennae on your head. (SInv)
Your four strong arms can wield two-handed weapons with a shield.


Message History

You hit Joseph. You burn Joseph.
Joseph is moderately wounded.
Joseph unwields a +0 hunting sling.
Joseph wields a +0 quarterstaff.
Joseph hits you with a +0 quarterstaff.
* * * LOW HITPOINT WARNING * * *
You hit Joseph. You burn Joseph.
Joseph is moderately wounded.
Joseph barely misses you.
Unknown command.
You whack Joseph! You burn Joseph.
Joseph is heavily wounded.
Joseph is distracted by your dazzling golden aura.
You closely miss Joseph.
Joseph is no longer distracted by gold.
Joseph shouts!
Joseph is heavily wounded.
Joseph is distracted by your dazzling golden aura.
Unknown command.
Joseph shouts!
You hit Joseph. You burn Joseph.
Joseph is no longer distracted by gold.
Joseph is severely wounded.
Joseph barely misses you.
You hit Joseph. You burn Joseph.
Joseph is severely wounded.
Joseph drinks a potion.
Joseph is healed!
Unknown command.
You hit Joseph. You burn Joseph.
Joseph is heavily wounded.
Joseph hits you with a +0 quarterstaff!
* * * LOW HITPOINT WARNING * * *
Unknown command.
You hit Joseph. You burn Joseph.
Joseph is severely wounded.
You barely miss Joseph.
Joseph is severely wounded.
Joseph drinks a potion.
Joseph is healed!
You closely miss Joseph.
Joseph is heavily wounded.
Joseph hits you with a +0 quarterstaff!
You die...
Your body crumbles into a pile of gold.

## .# .##########
### .##.......#
##.##
.......##.###.#.##
.##.##.##.##.###@##
.##.##.........##@#
.##.#####.##.#.#{##
###.# #.###...##
#.. ..####.####
#########.@.....#
.......#....##.#
...............#
..(............#


You could see Joseph.

Vanquished Creatures
  Pikel (D:5)
  A water moccasin (D:5)
  A sky beast (D:7)
  A centaur (D:7)
  A necrophage (D:4)
  An ogre (D:4)
  2 scorpions
  3 killer bees (D:5)
  3 bullfrog zombies
  An orc priest (D:6)
  A centaur zombie (D:7)
  3 hounds
  Crazy Yiuf (D:6)
  An iguana (D:6)
  8 orc wizards
  A hound skeleton (D:5)
  10 adders
  3 ufetubi (D:6)
  3 dart slugs
  3 worms
  16 orcs
  8 ball pythons
  6 bats
  A bat zombie (D:4)
  4 endoplasms
  2 giant cockroaches
  6 goblins
  12 hobgoblins
  4 jackals (D:3)
  13 kobolds
  4 quokkas
  4 frilled lizards (D:1)
  5 rats
134 creatures vanquished.

Notes
Turn   | Place    | Note
-------+----------+-------------------------------------------
     0 | D:1      | Descartes the Formicid Fighter began the quest for the Orb.
     0 | D:1      | Reached XP level 1. HP: 18/18 MP: 1/1
   248 | D:1      | Reached XP level 2. HP: 21/24 MP: 2/2
   656 | D:1      | Reached XP level 3. HP: 28/29 MP: 3/3
  1026 | D:1      | Found a faded altar of an unknown god.
  1570 | D:2      | Reached skill level 1 in Translocations
  1824 | D:2      | Reached XP level 4. HP: 34/37 MP: 4/4
  2885 | D:3      | Reached XP level 5. HP: 42/42 MP: 5/5
  3609 | D:4      | Noticed an ogre
  4072 | D:4      | Killed an ogre
  4073 | D:4      | Reached skill level 2 in Translocations
  4073 | D:4      | Reached XP level 6. HP: 15/48 MP: 6/6
  4431 | D:4      | Noticed a necrophage
  4441 | D:4      | Killed a necrophage
  4442 | D:4      | Reached skill level 5 in Shields
  4509 | D:4      | Reached XP level 7. HP: 41/55 MP: 7/7
  4919 | D:4      | Found an ancient bone altar of Kikubaaqudgha.
  4994 | D:5      | Entered Level 5 of the Dungeon
  5003 | D:5      | Identified the +5 chain mail "Fiukam" {*Corrode rF+ Slay+4
                  | SInv}
  5079 | D:5      | Reached skill level 5 in Fighting
  5079 | D:5      | Reached skill level 5 in Armour
  5079 | D:5      | Reached skill level 3 in Translocations
  5105 | D:5      | Found an opulent altar of Gozag.
  5113 | D:5      | Became a worshipper of Gozag Ym Sagoz the Greedy
  5125 | D:5      | Noticed a water moccasin
  5142 | D:5      | Killed a water moccasin
  5366 | D:5      | Reached XP level 8. HP: 51/62 MP: 8/8
  5749 | D:5      | Found a staircase to the Ecumenical Temple.
  5761 | Temple   | Entered the Ecumenical Temple
  5899 | D:5      | Reached skill level 4 in Translocations
  6229 | D:6      | Reached skill level 5 in Axes
  6489 | D:6      | Found a runed translucent door.
  6490 | D:6      | Noticed Crazy Yiuf
  6500 | D:6      | Killed Crazy Yiuf
  6652 | D:6      | Noticed Pikel
  6729 | D:5      | Killed Pikel
  6730 | D:5      | Reached skill level 6 in Translocations
  6986 | D:6      | Reached XP level 9. HP: 68/68 MP: 9/9
  7118 | D:6      | Reached skill level 1 in Maces & Flails
  7517 | D:7      | Found a burning altar of Makhleb.
  7522 | D:7      | Found a bloodstained altar of Trog.
  7531 | D:7      | Found a blossoming altar of Fedhas.
  7531 | D:7      | Found a radiant altar of Vehumet.
  7538 | D:7      | Found a hazy altar of Hepliaklqana.
  7547 | D:7      | Reached skill level 7 in Translocations
  7577 | D:7      | Found a transporter.
  7582 | D:7      | Found a transporter.
  7583 | D:7      | Found a bloodstained altar of Trog.
  7600 | D:7      | Noticed mmigdal's ghost (novice HuFi)
  7754 | D:7      | Noticed a moth of wrath
  7842 | D:7      | Noticed Joseph
  7878 | D:7      | Slain by Joseph

Illustrated notes

Levels and vault maps discovered:
D:1:      evilmike_arrival_plus, layout_loops_corners,
          shapermc_ecumenical_altar_venn
D:2:      layout_basic, minivault_23, minmay_tetromino_i2
D:3:      layout_basic
D:4:      layout_rooms, lemuel_zombie_altar_kikubaaqudgha, serial_glass,
          glass_columns_c, glass_columns_c
D:5:      layout_cave_pods, grunt_gozag_breadcrumbs,
          minmay_temple_entry_junction
D:6:      layout_gridville, minmay_splitting_lines, minmay_curled_crystal,
          minmay_misc_feat_enclosed, grunt_ministairs_6, uniq_pikel,
          uniq_crazy_yiuf_cottage
D:7:      layout_loops_cross, nicolae_overflow_hallway_of_the_gods,
          gammafunk_ghost_wrathful_warriors, uniq_joseph
Temple:   regret_index_temple_waves

Skill      XL: |  1  2  3  4  5  6  7  8  9 |
---------------+----------------------------+-----
Shields        | 4 5 |  5.0
Translocations | 1 2 3 6 7 |  7.4
Armour         | 4 5 |  5.0
Fighting       | 4 5 |  5.0
Axes           | 3 4 5 |  5.0
Maces & Flails | 3 |  3.3

Action                   |  1- 3 |  4- 6 |  7- 9 || total
-------------------------+-------+-------+-------++-------
Melee: War axe           |    97 |   146 |   165 ||   408
       Whip              |       |       |    80 ||    80
 Stab: Distracted        |       |       |     2 ||     2
Armor: Scale mail        |    10 |       |       ||    10
       Plate armour      |    38 |    96 |    41 ||   175
       Chain mail        |       |       |   149 ||   149
Dodge: Dodged            |    26 |    46 |   102 ||   174
Block: Buckler           |    24 |    31 |    58 ||   113
